 Dungeon Crawl Stone Soup version 0.31-a0-675-g238779eb0a (webtiles) character file.

Game seed: 7106394667499317119

252 IdlyInterested the Trooper (level 5, -1/44 HPs)
             Began as a Demonspawn Monk on Sept 5, 2023.
             Slain by Grinder (7 damage)
             ... while paralysed by Grinder
             ... on level 3 of the Dungeon.
             The game lasted 00:07:22 (1790 turns).

IdlyInterested the Trooper (Demonspawn Monk)        Turns: 1790, Time: 00:07:23

Health: -1/44      AC:  4    Str: 13    XL:     5   Next: 89%
Magic:  5/5        EV:  2    Int: 11    God:
Gold:   151        SH:  0    Dex: 16    Spells: 4/4 levels left

rFire   . . .        a - +0 falchion
rCold   + . .        d - orb {light}
rNeg    . . .        o - +1 robe {rC+}
rPois   .            (helmet restricted)
rElec   .            (no cloak)
rCorr   +            k - +0 pair of gloves
SInv    .            (no boots)
Will    .....        (no amulet)
Stlth   +            m - ring of resist corrosion
HPRegen 0.27/turn    (no ring)
MPRegen 0.09/turn

%: no passive effects
@: paralysed, glowing
A: horns 1, spiny 1, demonic magic 2
a: no special abilities


You were on level 3 of the Dungeon.
You visited 1 branch of the dungeon, and saw 3 of its levels.

You collected 151 gold pieces.

Inventory:

Hand Weapons
 a - a +0 falchion (weapon)
 g - a +0 dagger
Missiles
 e - 6 atropa-tipped darts
 f - 44 stones (quivered)
 r - 3 javelins
Armour
 d - an orb of light (worn)
 k - a +0 pair of gloves (worn)
 o - a +1 robe of cold resistance (worn)
Jewellery
 m - a ring of resist corrosion (left hand)
Talismans
 i - a flux talisman
Wands
 b - a wand of iceblast (20)
Scrolls
 h - a scroll of noise {unknown}
 j - a scroll of vulnerability
 l - 3 scrolls of fog {unknown}
 q - a scroll of fear
 s - a scroll of revelation {unknown}
Potions
 c - 2 potions of ambrosia
 n - a potion of mutation {unknown}
 p - 2 potions of lignification {unknown}
 t - a potion of brilliance {unknown}
 u - a potion of heal wounds {unknown}


   Skills:
 - Level 5.0 Fighting
 * Level 1.2(2.6) Short Blades
 - Level 3.6(3.7) Long Blades
 - Level 2.0 Throwing
 - Level 1.0 Armour
 - Level 2.6 Dodging
 * Level 0.3 Spellcasting
 + Level 0.0 Evocations


You had 4 spell levels left.
You didn't know any spells.
Your spell library contained the following spells:

 Spells                   Type           Power      Damage    Failure   Level
 Slow                     Hex            0%         N/A       34%         1
 Blink                    Tloc           0%         N/A       45%         2
 Sublimation of Blood     Necr           0%         N/A       45%         2
 Confusing Touch          Hex            0%         N/A       71%         3
 Vampiric Draining        Necr           0%         2d6       71%         3
 Manifold Assault         Tloc           0%         N/A       98%         4
 Petrify                  Tmut/Erth      0%         N/A       98%         4
 Irradiate                Conj/Tmut      0%         3d11      100%        5


Dungeon Overview and Level Annotations

Branches:
Dungeon (3/15)

Altars:

Annotations:
D:3 Grinder


Innate Abilities, Weirdness & Mutations

You have a pair of small horns on your head.
You are partially covered in sharp spines.
Spells you cast may paralyse nearby enemies.


Message History

Grinder is lightly wounded.
Grinder closely misses you.
You hit Grinder but do no damage. Your headbutt misses Grinder.
Grinder is lightly wounded.
Grinder misses you.
You barely miss Grinder.
Grinder is lightly wounded.
Grinder blinks!
Grinder is struck by your spines. Grinder hits you.
You writhe in agony.
You see here 12 gold pieces.
You hit Grinder.
Grinder is moderately wounded.
Grinder hits you.
You hit Grinder.
Grinder is moderately wounded.
Grinder says, "There's only one good use for a tongue: cutting it out."
Grinder hits you but does no damage. Grinder gestures at you.
Pain shoots through your body!
You hit Grinder.
Grinder is heavily wounded.
Grinder hits you!
You writhe in agony.
You closely miss Grinder.
Grinder is heavily wounded.
Grinder is struck by your spines. Grinder hits you!
You writhe in agony.
* * * LOW HITPOINT WARNING * * *
You hit Grinder but do no damage. You headbutt Grinder.
Grinder is severely wounded.
Grinder barely misses you.
You hit Grinder.
Grinder is severely wounded.
Grinder gestures at you.
You suddenly lose the ability to move!
Grinder hits you.
* * * LOW HITPOINT WARNING * * *
You writhe in agony.
* * * LOW HITPOINT WARNING * * *
Grinder is struck by your spines. Grinder hits you!
You die...
Grinder says, "Now the real fun starts!"

# # #.# # ..# #.
### #.##### .
#.....## ..
#.....# ..#
#.....## #####
### #......#
#.#.# #
#...@#.####.#.# #
#...5#...##.#.#
#....###..#.#.###
#....# ##.......#
#....#
#.......#####
######
#...........#
..........^###.#
#.....#.#.#####..
#.....#.#........


You could see Grinder.

Vanquished Creatures
  Sigmund (D:2)
  Robin (D:2)
  4 adders (D:2)
  2 dart slugs
  4 bats
  3 endoplasms
  3 giant cockroaches
  11 goblins
  5 hobgoblins
  3 kobolds (D:1)
  5 ball pythons (D:1)
  4 frilled lizards (D:1)
  10 rats
56 creatures vanquished.

Notes
Turn   | Place    | Note
-------+----------+-------------------------------------------
     0 | D:1      | IdlyInterested the Demonspawn Monk began the quest for the
                  | Orb.
     0 | D:1      | Reached XP level 1. HP: 18/18 MP: 1/1
   191 | D:1      | Gained mutation: You are partially covered in sharp spines.
                  | [demonic ancestry]
   191 | D:1      | Reached XP level 2. HP: 22/24 MP: 2/2
   435 | D:1      | Reached skill level 1 in Armour
   465 | D:1      | Gained mutation: You have a pair of small horns on your
                  | head. [demonic ancestry]
   465 | D:1      | Reached XP level 3. HP: 30/30 MP: 3/3
   479 | D:1      | You fall into a shaft and drop 1 floor!
   522 | D:2      | Found a faded altar of an unknown god.
   635 | D:2      | Noticed Sigmund
   644 | D:2      | Killed Sigmund
   645 | D:2      | Reached skill level 4 in Fighting
   645 | D:2      | Reached skill level 1 in Throwing
   645 | D:2      | Gained mutation: Spells you cast may paralyse adjacent
                  | enemies. [demonic ancestry]
   645 | D:2      | Reached XP level 4. HP: 19/38 MP: 4/4
   645 | D:2      | Gained mutation: Spells you cast may paralyse nearby
                  | enemies. [demonic ancestry]
   645 | D:2      | Reached XP level 5. HP: 22/43 MP: 5/5
  1190 | D:2      | Reached skill level 5 in Fighting
  1190 | D:2      | Reached skill level 1 in Short Blades
  1344 | D:2      | Noticed Robin
  1356 | D:2      | Killed Robin
  1773 | D:3      | Noticed Grinder
  1788 | D:3      | Paralysed by Grinder for 5 turns
  1790 | D:3      | Slain by Grinder

Illustrated notes

Levels and vault maps discovered:
D:1:      dpeg_arrival_castle, layout_rooms
D:2:      layout_basic, serial_glass, glass_columns_b, glass_columns_c,
          glass_columns_c, glass_columns_a, glass_columns_a,
          shapermc_ecumenical_altar_flowoftime, nrook_mini_vaults, uniq_sigmund,
          uniq_robin
D:3:      layout_basic, zin_scriptorium, uniq_grinder

Skill      XL: |  1  2  3  4  5 |
---------------+----------------+-----
Long Blades    | 3 |  3.6
Armour         | 1 |  1.0
Fighting       | 4 5 |  5.0
Throwing       | 1 2 |  2.0
Short Blades   | 1 |  1.2
Dodging        | |  2.6
Spellcasting   | |  0.3

Action                     |  1- 3 |  4- 6 || total
---------------------------+-------+-------++-------
  Melee: Falchion          |    75 |    39 ||   114
         Headbutt          |     9 |     6 ||    15
    Use: Scroll            |       |     2 ||     2
 Armour: Robe              |    27 |    17 ||    44
         Ring mail         |     8 |     5 ||    13
  Dodge: Dodged            |    33 |    18 ||    51

Table legend: (Time is in decaauts)
 A = Elapsed time spent in this place.
 B = Non-inter-level travel time spent in this place.
 C = Inter-level travel time spent in this place.
 D = Time resting spent in this place.
 E = Time spent auto-exploring this place.
 F = Levels seen in this place.
 G = Mean time per level.
                   A        B        C        D        E       F      G
               +--------+--------+--------+--------+--------+-----+--------+
         Total |   1813 |   1614 |    199 |      0 |   1000 |   3 |  604.3 |
       Dungeon |   1813 |   1614 |    199 |      0 |   1000 |   3 |  604.3 |
               +--------+--------+--------+--------+--------+-----+--------+

Top non-repeatable levels by time:
     D:2: 845 daAuts
     D:1: 699 daAuts
     D:3: 268 daAuts
